 Dungeon Crawl Stone Soup version 0.22-a0-247-gbddf880757 (webtiles) character file.

3991 Manul the Covert (level 10, -9/51 HPs)
             Began as a Vine Stalker Assassin on Feb 25, 2018.
             Was an Initiate of Gozag.
             Mangled by a wyvern (12 damage)
             ... on level 8 of the Dungeon.
             The game lasted 00:10:44 (6798 turns).

Manul the Covert (Vine Stalker Assassin)            Turns: 6798, Time: 00:10:45

Health: -9/51      AC:  9    Str: 13    XL:     10   Next: 23%
Magic:  0/12       EV: 15    Int: 17    God:    Gozag
Gold:   483        SH:  0    Dex: 20    Spells: 9/9 levels left

rFire    . . .     SeeInvis .   a - +2 dagger
rCold    . . .     Gourm    .   (no shield)
rNeg     . . .     Faith    .   C - +0 leather armour (curse)
rPois    .         Spirit   +   (no helmet)
rElec    .         Reflect  .   d - +1 cloak
rCorr    .         Harm     .   l - +2 pair of gloves
MR       +....                  q - +0 pair of boots
Stlth    +++++.....             m - amulet of the acrobat
HPRegen  0.57/turn              g - +6 ring of intelligence
MPRegen  0.13/turn              (no ring)

@: no status effects
A: fangs 3, regeneration 1, magic shield, antimagic bite, no potion heal 3, rot
immunity
a: Potion Petition, Call Merchant, Bribe Branch, Renounce Religion


You were on level 8 of the Dungeon.
You worshipped Gozag.
Gozag was aware of your devotion.
You were not hungry.

You visited 1 branch of the dungeon, and saw 8 of its levels.
You also visited: Sewer.

You collected 1065 gold pieces.
You spent 90 gold pieces at shops.
You paid 492 gold pieces to Gozag.

Inventory:

Hand Weapons
 a - a +2 dagger (weapon)
 b - a +0 blowgun
 B - a +0 vampiric dagger
 H - a +0 whip of electrocution
 I - a +2 antimagic dagger
Missiles
 e - 41 poisoned needles
 f - 2 curare-tipped needles
Armour
 c - a +0 robe
 d - a +1 cloak (worn)
 k - a +0 ring mail
 l - a +2 pair of gloves (worn)
 q - a +0 pair of boots (worn)
 C - a cursed +0 leather armour (worn)
Jewellery
 g - a +6 ring of intelligence (left hand)
 m - an amulet of the acrobat (around neck)
 r - a +4 amulet of reflection {unknown}
 z - an uncursed ring of fire
Wands
 n - a wand of paralysis (10)
 w - a wand of flame (29)
Scrolls
 h - a scroll of blinking
 j - 7 scrolls of identify
 o - 5 scrolls of teleportation
 x - a scroll of random uselessness {unknown}
 D - a scroll of remove curse {unknown}
 E - a scroll of magic mapping {unknown}
 F - 2 scrolls of amnesia
 J - a scroll of holy word {unknown}
 K - a scroll of enchant weapon {unknown}
Potions
 i - 2 potions of resistance {unknown}
 p - 5 potions of curing
 s - 3 potions of might {unknown}
 u - a potion of degeneration {unknown}
 v - 2 potions of flight {unknown}
 A - a potion of lignification {unknown}
 G - a potion of mutation {unknown}
Comestibles
 t - 12 rations


   Skills:
 + Level 5.4 Fighting
 + Level 6.4 Short Blades
 - Level 1.0 Maces & Flails
 - Level 2.2 Throwing
 + Level 3.4 Armour
 + Level 4.5 Dodging
 + Level 11.6 Stealth
 + Level 2.0 Evocations


You had 9 spell levels left.
You didn't know any spells.

Dungeon Overview and Level Annotations

Branches:
Dungeon (8/15)             Temple (0/1) D:5
   Lair: D:8-11

Altars:
Gozag
Makhleb
Okawaru
Qazlal
Ru
Uskayaw
Xom

Shops:
D:4 ?   D:5 =   D:7 [

Annotations:
D:7 Joseph


Innate Abilities, Weirdness & Mutations

You have razor-sharp teeth.
Your natural rate of healing is unusually fast.
When hurt, damage is shared between your health and your magic reserves.
Your bite disrupts and absorbs the magic of your enemies.
Potions cannot restore your health.
You are immune to rotting.


Message History

The wyvern is heavily wounded.
The wyvern bites you!
* * * LOW HITPOINT WARNING * * *
You hit the wyvern. You bite the wyvern. You drain its power.
You feel invigorated.
The wyvern is severely wounded.
The wyvern bites you!
* * * LOW HITPOINT WARNING * * *
You hit the wyvern. Your bite misses the wyvern.
The wyvern is severely wounded.
The wyvern bites you.
* * * LOW HITPOINT WARNING * * *
You hit the wyvern but do no damage.
The wyvern is severely wounded.
The wyvern bites you but does no damage.
You hit the wyvern but do no damage. Your bite misses the wyvern.
The wyvern is severely wounded.
The wyvern bites you!
You die...
Your body crumbles into a pile of gold.

#### ...#
##.############...
#................ #
########..#####.. .#
## #####..## ..
.####.......######.#
..........[.....@l(#
##.>####..#..#####.#
##.## ##..#.# # ...#
#..#.# .### #..#.#
.# #..#.#
.########..#.#
........# #.#
#######.#


You could see a wyvern.

Vanquished Creatures
  2 two-headed ogres (D:8)
  Pikel (D:7)
  Purgy (Sewer)
  2 ice beasts
  2 black bears
  4 ogres
  2 sky beasts
  A phantom (D:5)
  2 centaurs
  A bullfrog (D:6)
  A gnoll sergeant (D:6)
  A scorpion (D:6)
  A howler monkey (D:6)
  3 jellies (D:6)
  A crimson imp (D:5)
  A bullfrog zombie (D:5)
  A hound (D:3)
  A quasit (D:8)
  A centaur skeleton (D:4)
  Terence (D:3)
  Jessica (D:2)
  Natasha (thrice) (D:3)
  2 iguanas (D:4)
  5 worker ants
  Robin (D:1)
  7 gnolls
  A howler monkey skeleton (D:5)
  15 adders
  A river rat (D:3)
  A shadow imp (D:5)
  An ooze (D:1)
  An adder skeleton (D:5)
  A worm (D:3)
  2 dart slugs
  2 leopard geckos
  6 orcs
  3 ball pythons
  11 bats
  5 giant cockroaches
  14 goblins
  5 hobgoblins
  13 jackals
  5 kobolds
  3 quokkas
  6 frilled lizards
  A jackal skeleton (D:4)
  2 leopard gecko skeletons
  9 rats
157 creatures vanquished.

Vanquished Creatures (others)
  An adder skeleton (D:7)
1 creature vanquished.

Grand Total: 158 creatures vanquished

Notes
Turn   | Place    | Note
-------+----------+-------------------------------------------
     0 | D:1      | Manul the Vine Stalker Assassin began the quest for the Orb.
     0 | D:1      | Reached XP level 1. HP: 11/11 MP: 2/2
    84 | D:1      | Reached skill level 5 in Stealth
   137 | D:1      | Reached XP level 2. HP: 11/15 MP: 3/3
   201 | D:1      | Reached skill level 1 in Dodging
   712 | D:1      | Reached XP level 3. HP: 18/18 MP: 4/4
   978 | D:2      | Noticed Jessica
  1012 | D:2      | Noticed Robin
  1482 | D:1      | Killed Robin
  1482 | D:1      | Reached skill level 6 in Stealth
  1485 | D:1      | Gained mutation: Your natural rate of healing is unusually fast. [Vine Stalker growth]
  1485 | D:1      | Reached XP level 4. HP: 18/23 MP: 2/5
  1627 | D:2      | Killed Jessica
  1663 | D:2      | Found a sacrificial altar of Ru.
  1774 | D:2      | Found a stormy altar of Qazlal.
  1775 | D:2      | Found a burning altar of Makhleb.
  1775 | D:2      | Found a hide-covered altar of Uskayaw.
  1775 | D:2      | Found a shimmering altar of Xom.
  1788 | D:2      | Found an iron altar of Okawaru.
  1788 | D:2      | Found an opulent altar of Gozag.
  1974 | D:2      | Became a worshipper of Gozag Ym Sagoz the Greedy
  2256 | D:3      | Reached XP level 5. HP: 26/26 MP: 6/6
  2318 | D:3      | Reached skill level 1 in Armour
  2377 | D:3      | Noticed Natasha
  2385 | D:3      | Killed Natasha
  2405 | D:3      | Noticed Natasha
  2405 | D:4      | Found Zugavi Hoyh's Magic Scroll Boutique.
  2409 | D:4      | Bought a scroll of blinking for 90 gold pieces
  2439 | D:3      | Killed Natasha
  2552 | D:3      | Found a glowing drain.
  2559 | Sewer    | Entered a sewer
  2594 | Sewer    | Noticed Purgy
  2628 | Sewer    | Killed Purgy
  2628 | Sewer    | Reached XP level 6. HP: 16/31 MP: 7/7
  2906 | D:3      | Noticed Natasha
  2921 | D:3      | Killed Natasha
  2959 | D:3      | Reached skill level 7 in Stealth
  2986 | D:3      | Noticed Terence
  3037 | D:3      | Killed Terence
  3369 | D:4      | Reached XP level 7. HP: 31/35 MP: 6/8
  4274 | D:5      | Entered Level 5 of the Dungeon
  4308 | D:5      | Found a staircase to the Ecumenical Temple.
  4350 | D:5      | Found Efaucarpha's Jewellery Emporium.
  4384 | D:5      | Gained mutation: You have razor-sharp teeth. [Vine Stalker growth]
  4384 | D:5      | Reached XP level 8. HP: 40/40 MP: 9/9
  4505 | D:5      | Reached skill level 8 in Stealth
  4854 | D:5      | Reached skill level 5 in Short Blades
  5121 | D:6      | Reached skill level 9 in Stealth
  5312 | D:6      | Reached XP level 9. HP: 4/45 MP: 1/10
  5770 | D:6      | HP: 2/45 [acid (4)]
  6138 | D:6      | Reached skill level 1 in Evocations
  6361 | D:7      | Noticed Pikel
  6371 | D:7      | Killed Pikel
  6371 | D:7      | Reached skill level 10 in Stealth
  6451 | D:7      | Noticed a brown ugly thing
  6460 | D:7      | Noticed Joseph
  6729 | D:8      | Noticed a two-headed ogre
  6740 | D:8      | Killed a two-headed ogre
  6740 | D:8      | Reached skill level 5 in Fighting
  6740 | D:8      | Reached skill level 1 in Maces & Flails
  6740 | D:8      | Reached skill level 11 in Stealth
  6740 | D:8      | Reached XP level 10. HP: 51/51 MP: 12/12
  6760 | D:8      | Noticed a two-headed ogre
  6761 | D:8      | Killed a two-headed ogre
  6798 | D:8      | Mangled by a wyvern

Vault maps used:
D:1:      dpeg_arrival_rhombi
D:2:      minmay_overflow_temple_hex, hangedman_ru_absence,
          minmay_misc_feat_columns, uniq_robin, uniq_jessica
D:3:      first_ration, gup_sewer_entry_bubbles, uniq_natasha, uniq_terence
D:4:      serial_shops, nicolae_shop_stone, kennysheep_generic_room_6
D:5:      minmay_temple_entry_enclosed_plants, serial_shops, shop
D:7:      kennysheep_big_flooded_room, grunt_ogre_cave, uniq_joseph, uniq_pikel
D:8:      minmay_statue_hallways, serial_shops, kennysheep_little_box,
          zaba_anthole, uniq_prince_ribbit1
Sewer:    sewer_co_purgy_island

Skill      XL: |  1  2  3  4  5  6  7  8  9 10 |
---------------+-------------------------------+-----
Stealth        | 5 6 7 9 11 | 11.6
Short Blades   | 2 3 4 5 6 |  6.4
Dodging        | 1 2 3 4 |  4.5
Fighting       | 2 3 4 5 |  5.4
Armour         | 1 2 3 |  3.4
Throwing       | 2 |  2.2
Evocations     | 1 2 |  2.0
Maces & Flails | 1 |  1.0

Action                   |  1- 3 |  4- 6 |  7- 9 | 10-12 || total
-------------------------+-------+-------+-------+-------++-------
Melee: Dagger            |    91 |   297 |   333 |    11 ||   732
       Bite              |    26 |    93 |   121 |     4 ||   244
       Whip              |       |       |     8 |       ||     8
 Fire: Blowgun           |       |       |    11 |       ||    11
Throw: Throwing net      |       |       |     3 |     1 ||     4
Invok: Call Merchant     |       |       |     1 |       ||     1
Evoke: Wand              |       |     6 |    12 |     1 ||    19
  Use: Scroll            |     1 |     1 |     6 |       ||     8
 Stab: Sleeping          |     7 |     6 |    20 |     1 ||    34
       Distracted        |       |     1 |     1 |       ||     2
       Held in net/web   |       |       |     3 |       ||     3
       Paralysed         |       |       |     2 |       ||     2
  Eat: Chunk             |     2 |     1 |       |       ||     3
       Ration            |       |     2 |     3 |       ||     5
Armor: Robe              |    20 |       |       |       ||    20
       Ring mail         |    29 |   120 |    50 |       ||   199
       Leather armour    |       |       |    36 |     3 ||    39
Dodge: Dodged            |    79 |   197 |   194 |     2 ||   472

Table legend:
 A = Spawn XP
 B = Non-spawn XP
 C = Spawn XP percentage of total XP
 D = Spawn monster count
 E = Non-spawn monster count
 F = Spawn count percentage of total count
 G = Total turns spent on level
                    A         B        C        D         E        F      G
               +---------+---------+-------+---------+---------+-------+---------
         Total |       0 |    5702 |   0.0 |       0 |     157 |   0.0 |  6798
               +---------+---------+-------+---------+---------+-------+---------
           D:1 |       0 |      73 |   0.0 |       0 |      32 |   0.0 |  1451
           D:2 |       0 |      91 |   0.0 |       0 |      20 |   0.0 |   794
           D:3 |       0 |     303 |   0.0 |       0 |      35 |   0.0 |   971
           D:4 |       0 |     532 |   0.0 |       0 |      19 |   0.0 |   965
           D:5 |       0 |     788 |   0.0 |       0 |      14 |   0.0 |   868
           D:6 |       0 |     953 |   0.0 |       0 |      17 |   0.0 |  1121
           D:7 |       0 |     794 |   0.0 |       0 |       6 |   0.0 |   351
           D:8 |       0 |    2027 |   0.0 |       0 |       8 |   0.0 |   184
         Sewer |       0 |     141 |   0.0 |       0 |       6 |   0.0 |    93
               +---------+---------+-------+---------+---------+-------+---------
